 Dungeon Crawl Stone Soup version 0.24.0-125-gc4c63601f3 (webtiles) character file.

Game seed: 4027335841507638333, levelgen mode: deterministic

7232 Peloso the Carver (level 10, 0/91 HPs)
             Began as a Minotaur Fighter on Mar 10, 2020.
             Was a High Priest of Okawaru.
             Slain by a spatial maelstrom (3 damage)
             ... on level 2 of the Abyss.
             The game lasted 00:20:20 (9314 turns).

Peloso the Carver (Minotaur Fighter)                Turns: 9314, Time: 00:20:21

Health: 0/91       AC: 19    Str: 23    XL:     10   Next: 88%
Magic:  8/9        EV:  8    Int:  5    God:    Okawaru [*****.]
Gold:   494        SH: 12    Dex: 11    Spells: 9/9 levels left

rFire    + + +     SeeInvis .   b - +5 short sword "Qanosul" {flame, *Rage *Drain rF+++ rC+}
rCold    + . .     Gourm    .   c - +0 shield
rNeg     . . .     Faith    .   H - +0 plate armour
rPois    .         Spirit   .   (helmet restricted)
rElec    .         Reflect  .   (no cloak)
rCorr    .         Harm     .   (no gloves)
MR       .....     Rnd*Rage +   r - +1 pair of boots
Stlth    ..........             (no amulet)
HPRegen  0.25/turn              (no ring)
MPRegen  0.11/turn              N - +3 ring of protection

@: about to teleport, very slightly contaminated
A: retaliatory headbutt, horns 2
a: Heroism, Finesse, Renounce Religion


You were on level 2 of the Abyss.
You worshipped Okawaru.
Okawaru was extremely pleased with you.
You were hungry.

You visited 1 branch of the dungeon, and saw 11 of its levels.
You visited the Abyss 1 time.

You collected 494 gold pieces.

Inventory:

Hand Weapons
 a - a +0 long sword
 b - the +5 short sword "Qanosul" (weapon) {flame, *Rage *Drain rF+++ rC+}
   (You found it on level 9 of the Dungeon)

   It has been specially enchanted to burn those struck by it, causing extra
   injury to most foes and up to half again as much damage against particularly
   susceptible opponents.
   It renders you almost immune to fire.
   It protects you from cold.
   It may make you go berserk in combat.
   It causes draining when unequipped.
 u - a +1 whip of flaming
Armour
 c - a +0 shield (worn)
 r - a +1 pair of boots (worn)
 C - a +0 chain mail
 H - a +0 plate armour (worn)
Jewellery
 m - an uncursed ring of ice
 z - an uncursed ring of protection from fire
 M - an uncursed ring of protection from fire
 N - a +3 ring of protection (right hand)
Wands
 n - a wand of random effects (30)
 y - a wand of flame (46)
 L - a wand of scattershot (7)
 O - a wand of enslavement (8)
Scrolls
 h - a scroll of immolation {unknown}
 i - a scroll of amnesia
 j - a scroll of fear {unknown}
 k - a scroll of remove curse
 o - 2 scrolls of identify
 q - 2 scrolls of enchant armour {unknown}
 t - a scroll of magic mapping {unknown}
 w - a scroll of blinking
 x - 2 scrolls of enchant weapon
 A - a scroll of fog {unknown}
 B - a scroll of random uselessness {unknown}
 F - a scroll of holy word {unknown}
 I - 3 scrolls of teleportation {unknown}
 K - a scroll of noise {unknown}
Potions
 d - 2 potions of might
 e - 3 potions of resistance
 g - a potion of agility {unknown}
 p - 2 potions of brilliance
 s - 3 potions of flight
 v - 3 potions of heal wounds
 D - a potion of ambrosia
 E - 3 potions of haste
 G - 2 potions of invisibility
 J - 3 potions of degeneration {unknown}
Comestibles
 f - 19 rations


   Skills:
 + Level 9.1 Fighting
 + Level 5.1(8.1) Short Blades
 + Level 10.6(11.2) Long Blades
 + Level 8.9 Armour
 + Level 4.7 Dodging
 + Level 1.0 Stealth
 + Level 10.3 Shields
 + Level 1.0 Invocations


You had 9 spell levels left.
You didn't know any spells.
Your spell library contained the following spells:

 Spells                   Type           Power        Failure   Level  Hunger
 Animate Skeleton         Necr           N/A          100%        1    ##.....
 Apportation              Tloc           #.....       100%        1    ##.....
 Confusing Touch          Hex            #.....       100%        1    ##.....
 Corona                   Hex            #......      100%        1    ##.....
 Pain                     Necr           #...         100%        1    ##.....
 Summon Butterflies       Summ           #.......     100%        1    ##.....
 Ensorcelled Hibernation  Hex/Ice        #.....       100%        2    ###....
 Confuse                  Hex            #.......     100%        3    ####...
 Dazzling Spray           Conj/Hex       #.....       100%        3    ####...
 Gell's Gravitas          Tloc           #.........   100%        3    ####...
 Lesser Beckoning         Tloc           #.........   100%        3    ####...
 Regeneration             Chrm/Necr      #.........   100%        3    ####...
 Tukima's Dance           Hex            #.......     100%        3    ####...
 Vampiric Draining        Necr           #.........   100%        3    ####...
 Animate Dead             Necr           N/A          100%        4    #####..
 Petrify                  Tmut/Erth      #.......     100%        4    #####..
 Alistair's Intoxication  Tmut/Pois      #.......     100%        5    ######.
 Metabolic Englaciation   Hex/Ice        #.........   100%        5    ######.
 Yara's Violent Unravell  Hex/Tmut       #.........   100%        5    ######.
 Invisibility             Hex            #.......     100%        6    #######


Dungeon Overview and Level Annotations

Branches:
Dungeon (11/15)            Temple (0/1) D:5            Lair (0/6) D:9
    Orc (0/2) D:10

Altars:
Elyvilon
Okawaru

Annotations:
D:8 3 runed translucent doors, Iscariot's ghost, novice HOBe
D:11 Sonja


Innate Abilities, Weirdness & Mutations

You reflexively headbutt those who attack you in melee.
You have a pair of horns on your head.


Message History

You block the spatial maelstrom's attack.
The spatial maelstrom hits you but does no damage.
You block the spatial maelstrom's attack. x2
A spatial vortex comes into view.
The ufetubus hits you but does no damage.
You block the ufetubus's attack.
The ynoxinul gestures.
The spatial maelstrom hits you!
* * * LOW HITPOINT WARNING * * *
You feel strangely unstable.
You feel the power of the Abyss delaying your translocation!
The spatial maelstrom closely misses you.
You block the spatial maelstrom's attack. x2
You feel like a meek peon again.
A spatial vortex comes into view.
The spatial maelstrom misses you. You furiously retaliate!
You headbutt the spatial maelstrom. The spatial maelstrom hits you!
* * * LOW HITPOINT WARNING * * *
Space bends around you.
You die...

#. #.§♣ # ## #≈# ♣
§. #. ## #≈# #§ .
##.##. ##.####≈≈≈#
.# ###.....##.....#
#≈♣≈#.
...#§...#.#..####
#...
....#..#.#..#....#..
#.#v#.v5## ...##.#.
#.@v5.5#.5#...v.#..
##.....35X..# #....
##...##.v...#..§..
##.#X.#.##. ..#.#
#.#.#.####..#.#.
#.#...# #.##..
..###. # .. .## ..#
## #


You could see a spatial maelstrom, 3 spatial vortices, 2 large abominations, a
ynoxinul and 4 ufetubi.

Vanquished Creatures
  A two-headed ogre (D:9)
  Pikel (D:6)
  A gargoyle (D:10)
  Grinder (D:3)
  Prince Ribbit (D:5)
  A hippogriff (D:10)
  Sigmund (D:6)
  A wyvern (D:10)
  The ghost of Alannah the Bolt Thrower, an amateur DsHu (D:3)
  A hungry ghost (D:8)
  2 black bears (D:6)
  4 sky beasts
  2 orc warriors
  7 phantoms
  2 ice beasts (D:5)
  5 ogres
  A necrophage (D:10)
  A centaur (D:9)
  A crocodile (D:9)
  2 big kobolds
  6 bullfrogs
  A wyvern skeleton (D:8)
  4 scorpions
  A water moccasin skeleton (D:8)
  5 troll zombies (D:10)
  6 killer bees (D:6)
  A howler monkey (D:4)
  7 crimson imps
  A bullfrog zombie (D:3)
  5 hounds
  4 orc priests
  7 orc wizards
  Natasha (twice) (D:4)
  3 worker ants
  An ogre zombie (D:10)
  2 hound zombies
  A hound skeleton (D:7)
  2 worker ant zombies
  7 adders
  3 gnolls (D:5)
  2 shadow imps
  4 adder skeletons
  A worm (D:3)
  3 dart slugs (D:1)
  7 leopard geckos
  34 orcs
  A ball python (D:1)
  6 giant cockroaches
  8 goblins
  7 hobgoblins
  3 jackals
  2 quokkas
  2 bats (D:1)
  2 frilled lizards
  2 goblin skeletons (D:10)
  A goblin zombie (D:10)
  A hobgoblin skeleton (D:10)
  2 hobgoblin zombies (D:10)
  8 kobolds
  An orc skeleton (D:10)
  12 orc zombies (D:10)
  A quokka skeleton (D:3)
  10 rats
226 creatures vanquished.

Notes
Turn   | Place    | Note
-------+----------+-------------------------------------------
     0 | D:1      | Peloso the Minotaur Fighter began the quest for the Orb.
     0 | D:1      | Reached XP level 1. HP: 19/19 MP: 0/0
    39 | D:1      | Reached XP level 2. HP: 13/27 MP: 1/1
   388 | D:1      | Reached XP level 3. HP: 33/33 MP: 2/2
   835 | D:2      | Reached skill level 1 in Dodging
   946 | D:2      | Reached XP level 4. HP: 38/41 MP: 3/3
  1374 | D:3      | Found a runed translucent gate.
  1374 | D:3      | Found a runed translucent gate.
  1374 | D:3      | Found a runed translucent gate.
  1397 | D:3      | Found an iron altar of Okawaru.
  1404 | D:3      | Became a worshipper of Warmaster Okawaru
  1609 | D:3      | Noticed Grinder
  1614 | D:3      | Paralysed by Grinder for 5 turns
  1622 | D:3      | Killed Grinder
  1622 | D:3      | Reached * piety under Okawaru
  1622 | D:3      | Reached ** piety under Okawaru
  1622 | D:3      | Reached skill level 5 in Armour
  1622 | D:3      | Reached XP level 5. HP: 17/47 MP: 4/4
  1622 | D:3      | Reached XP level 6. HP: 19/53 MP: 5/5
  1939 | D:3      | Noticed Alannah's ghost (amateur DsHu)
  2103 | D:3      | Reached skill level 5 in Shields
  2132 | D:4      | You fall into a shaft and drop 3 floors!
  2147 | D:6      | Reached skill level 5 in Fighting
  2517 | D:6      | Reached skill level 5 in Long Blades
  2946 | D:6      | Reached XP level 7. HP: 56/61 MP: 6/6
  3534 | D:6      | Reached *** piety under Okawaru
  3534 | D:6      | Reached XP level 8. HP: 28/70 MP: 4/7
  4048 | D:5      | Entered Level 5 of the Dungeon
  4245 | D:4      | Noticed Natasha
  4250 | D:4      | Killed Natasha
  4262 | D:4      | Noticed Natasha
  4277 | D:4      | Killed Natasha
  4803 | D:6      | Reached XP level 9. HP: 78/78 MP: 8/8
  4872 | D:6      | Noticed Pikel
  4902 | D:6      | Killed Pikel
  4902 | D:6      | Reached **** piety under Okawaru
  4980 | D:6      | Noticed Sigmund
  4996 | D:6      | Killed Sigmund
  5233 | D:5      | Found a white marble altar of Elyvilon.
  5368 | D:5      | Noticed Prince Ribbit
  5399 | D:5      | Killed Prince Ribbit
  5399 | D:5      | Reached skill level 1 in Invocations
  5590 | D:5      | Found a staircase to the Ecumenical Temple.
  6621 | D:8      | Reached XP level 10. HP: 76/88 MP: 9/9
  6762 | D:8      | Found a runed translucent gate.
  6762 | D:8      | Found a runed translucent gate.
  6762 | D:8      | Found a runed translucent gate.
  6762 | D:8      | Noticed Iscariot's ghost (novice HOBe)
  7152 | D:3      | Killed Alannah's ghost
  7152 | D:3      | Reached skill level 10 in Long Blades
  7324 | D:9      | Reached ***** piety under Okawaru
  7325 | D:9      | Found a staircase to the Lair.
  7374 | D:9      | Got an encrusted short sword
  7375 | D:9      | Identified the +5 short sword "Qanosul" {flame, *Rage
                  | *Drain rF+++ rC+} (You found it on level 9 of the Dungeon)
  7577 | D:9      | Noticed a two-headed ogre
  7591 | D:9      | Killed a two-headed ogre
  7591 | D:9      | Reached skill level 1 in Short Blades
  7782 | D:9      | Reached skill level 1 in Stealth
  8090 | D:10     | Entered Level 10 of the Dungeon
  8340 | D:10     | Reached skill level 10 in Shields
  8389 | D:10     | Received a gift from Okawaru
  8764 | D:10     | Found a staircase to the Orcish Mines.
  8768 | D:10     | Noticed a gargoyle
  8775 | D:10     | Killed a gargoyle
  8892 | D:10     | Reached skill level 5 in Short Blades
  9212 | D:11     | Noticed Sonja
  9225 | D:11     | Cast into level 2 of the Abyss (Sonja)
  9296 | Abyss:2  | Noticed a large abomination
  9297 | Abyss:2  | Noticed an ophan
  9300 | Abyss:2  | Noticed a spatial maelstrom
  9314 | Abyss:2  | HP: 3/91 [spatial maelstrom (13)]
  9314 | Abyss:2  | Slain by a spatial maelstrom

Levels and vault maps discovered:
D:1:      eino_arrival_cavern_b, layout_basic, serial_glass, glass_columns_a,
          glass_columns_a, glass_columns_c, glass_columns_b, glass_columns_a,
          glass_columns_a, glass_columns_a, glass_columns_b
D:2:      layout_rooms, first_ration
D:3:      layout_loops_ring, gammafunk_ghost_necromancy, serial_park_tiny_pond,
          okawaru_gym_becter, uniq_grinder
D:4:      layout_rooms, uniq_natasha
D:5:      layout_loops_ring, elyvilon_altar_5, minmay_temple_entry_proselytizer,
          minmay_holes, uniq_prince_ribbit1
D:6:      layout_loops_ring, uniq_pikel, uniq_sigmund
D:7:      layout_loops_ring
D:8:      layout_rooms, ebering_ghost_rock_garden
D:9:      layout_roguey, lair_entry_dummy
D:10:     layout_loops_cross, zombieorc1_lemuel, blue_anna_alchemist
          [blue_anna_fruit_fields, blue_anna_fruit_fields]
D:11:     layout_cross, minmay_st_funbox, nicolae_ru_the_path_less_chosen,
          uniq_sonja
Abyss:2:  base: D:8, minivault_11, hangedman_decor_lopped

Skill      XL: |  1  2  3  4  5  6  7  8  9 10 |
---------------+-------------------------------+-----
Armour         | 4 5 6 7 8 |  8.9
Fighting       | 4 5 6 8 9 |  9.1
Shields        | 4 5 6 7 9 10 | 10.3
Dodging        | 1 2 3 4 |  4.7
Long Blades    | 4 5 6 7 9 10 | 10.6
Invocations    | 1 |  1.0
Short Blades   | 5 |  5.1
Stealth        | 1 |  1.0

Action                   |  1- 3 |  4- 6 |  7- 9 | 10-12 || total
-------------------------+-------+-------+-------+-------++-------
Melee: Long sword        |    79 |    60 |   362 |    80 ||   581
       Headbutt          |    12 |    15 |    71 |    48 ||   146
       Short sword       |       |       |       |   187 ||   187
Invok: Heroism           |       |     2 |     5 |     2 ||     9
  Use: Potion            |     2 |     1 |       |     1 ||     4
       Scroll            |       |       |       |    11 ||    11
  Eat: Chunk             |       |     6 |    12 |     5 ||    23
       Ration            |       |       |       |     2 ||     2
Armor: Scale mail        |    53 |    28 |    73 |       ||   154
       Chain mail        |       |       |    29 |       ||    29
       Plate armour      |       |       |    26 |   109 ||   135
Dodge: Dodged            |    25 |    26 |   103 |    68 ||   222
Block: Shield            |    41 |    43 |   170 |   156 ||   410
       Rpst.: Long sword |     7 |     7 |    29 |     4 ||    47
